 Dungeon Crawl Stone Soup version 0.27.1-15-g792fb953b9 (webtiles) character file.

Game seed: 7244545857830575473

44 spaced the Chiller (level 3, -1/24 HPs)
             Began as a Demonspawn Ice Elementalist on Nov 20, 2021.
             Was a Follower of Uskayaw.
             Slain by an orc (4 damage)
             ... on level 4 of the Dungeon.
             The game lasted 00:14:16 (1952 turns).

spaced the Chiller (Demonspawn Ice Elementalist)    Turns: 1952, Time: 00:14:18

Health: -1/24      AC:  3    Str:  8    XL:     3   Next: 39%
Magic:  1/6        EV: 12    Int: 17    God:    Uskayaw [*.....]
Gold:   50         SH:  0    Dex: 13    Spells: 0/6 levels left

rFire    . . .     SeeInvis .   j - +0 short sword
rCold    . . .     Faith    .   (no shield)
rNeg     . . .     Spirit   .   f - +0 leather armour
rPois    .         Reflect  .   (no helmet)
rElec    .         Harm     .   (no cloak)
rCorr    .         Rampage  .   (no gloves)
Will     .....                  (no boots)
Stlth    ++........             (no amulet)
HPRegen  0.08/turn              (no ring)
MPRegen  0.10/turn              (no ring)

@: no status effects
A: sturdy frame 1
a: Renounce Religion, Stomp


You were on level 4 of the Dungeon.
You worshipped Uskayaw.
Uskayaw was noncommittal.
You visited 1 branch of the dungeon, and saw 4 of its levels.

You collected 50 gold pieces.

Inventory:

Hand Weapons
 h - a +0 dagger
 j - a +0 short sword (weapon)
Missiles
 i - 9 stones
Armour
 a - a +0 robe
 e - a +0 ring mail
 f - a +0 leather armour (worn)
Scrolls
 d - a scroll of blinking {unknown}
 g - a scroll of fog {unknown}
 k - a scroll of amnesia {unknown}
 m - a scroll of identify {unknown}
Potions
 b - a potion of heal wounds
 c - a potion of haste {unknown}
 l - 2 potions of attraction {unknown}


   Skills:
 + Level 0.4 Short Blades
 + Level 1.9 Dodging
 + Level 2.0 Stealth
 + Level 2.4 Spellcasting
 + Level 4.2 Ice Magic


You couldn't memorise any spells.
You knew the following spells:

 Your Spells              Type           Power      Damage    Failure   Level
a - Freeze                Ice            64%        1d8       3%          1
b - Sandblast             Erth           4%         2d4       21%         1
c - Ozocubu's Armour      Ice            16%        N/A       11%         3
d - Magic Dart            Conj           8%         1d3       21%         1

Your spell library contained the following spells:

 Spells                   Type           Power      Damage    Failure   Level
 Frozen Ramparts          Ice            32%        1d5       11%         3
 Passwall                 Tmut/Erth      1%         N/A       30%         2
 Searing Ray              Conj           4%         3d3       30%         2
 Hailstorm                Conj/Ice       9%         3d4       63%         4
 Fulminant Prism          Conj/Hex       1%         3d6       89%         4
 Lee's Rapid Deconstruct  Erth           1%         3d5*      99%         5


Dungeon Overview and Level Annotations

Branches:
Dungeon (4/15)
 Temple: D:4-7

Altars:
Uskayaw


Innate Abilities, Weirdness & Mutations

Your movements are slightly less encumbered by armour. (ER -2)


Message History

* * * LOW HITPOINT WARNING * * *
You feel very sick. The orc hits you with a +0 short sword.
* * * LOW HITPOINT WARNING * * *
The orc wizard casts a spell.
The orc wizard flickers and vanishes!
Deactivating autopickup; reactivate with Ctrl-A.
Okay, then.
You are too confused!
It was a potion of heal wounds.
You feel much better.
You feel very sick. The orc hits you with a +0 short sword.
Something hits you but does no damage.
You are more poisoned.
You feel very sick.
You feel very sick.
You feel sick.
You feel less confused.
You feel sick.
You hear the rapid rusting of a very distant drain.
You feel sick.
You feel sick.
You feel sick.
You feel sick.
You feel sick.
You feel sick.
You are no longer poisoned.
There is a stone staircase leading down here.
The orc hits you but does no damage.
You climb downwards.
Reactivating autopickup.
There is a stone staircase leading up here.
Casting: Freeze (safe; 3% risk of failure)
Confirm with . or Enter, or press ? or * to list all spells.
Aiming: Freeze (safe; 3% risk of failure)
Press: ? - help, Shift-Dir - straight line, f - orc
Aim: an orc, wielding a +0 short sword You freeze the orc!
The orc is almost dead.
The orc hits you with a +0 short sword.
You die...

###
..#
..#
##..#
.!..
#@o.#
....
#...#
....
##.##
....
..
>...
.##
....
.. #
##
...
...


You could see an orc.

Vanquished Creatures
  An adder zombie (D:2)
  3 ball pythons
  A bat zombie (D:2)
  3 endoplasms
  4 giant cockroaches
  6 goblins
  6 hobgoblins
  2 quokkas
  2 ball python zombies (D:2)
  A frilled lizard (D:2)
  A jackal zombie (D:2)
  3 kobolds
  A rat (D:2)
34 creatures vanquished.

Vanquished Creatures (others)
  3 withered plants (D:2)
3 creatures vanquished.

Grand Total: 37 creatures vanquished

Notes
Turn   | Place    | Note
-------+----------+-------------------------------------------
     0 | D:1      | spaced the Demonspawn Ice Elementalist began the quest for
                  | the Orb.
     0 | D:1      | Reached XP level 1. HP: 13/13 MP: 3/3
    26 | D:1      | Found a faded altar of an unknown god.
    37 | D:1      | Became a worshipper of Uskayaw the Reveller
    37 | D:1      | Reached * piety under Uskayaw
   130 | D:1      | Reached ** piety under Uskayaw
   394 | D:1      | Gained mutation: Your movements are slightly less
                  | encumbered by armour. (ER -2) [demonic ancestry]
   394 | D:1      | Reached XP level 2. HP: 17/19 MP: 1/5
   485 | D:1      | Reached skill level 4 in Ice Magic
   771 | D:2      | Learned a level 1 spell: Sandblast
  1063 | D:2      | Reached XP level 3. HP: 24/24 MP: 2/6
  1067 | D:2      | Learned a level 3 spell: Ozocubu's Armour
  1341 | D:2      | You fall into a shaft and drop 2 floors!
  1344 | D:4      | Noticed a necrophage
  1357 | D:4      | Noticed a necrophage
  1795 | D:2      | Learned a level 1 spell: Magic Dart
  1952 | D:4      | Slain by an orc

Illustrated notes

Levels and vault maps discovered:
D:1:      dpeg_arrival_fog, layout_basic, ebering_ecumenical_altar_abandoned
D:2:      layout_basic, serial_undead, serial_undead_b, serial_undead_d,
          serial_undead_c, serial_undead_d, chequers_avenue
D:3:      layout_loops_cross, nicolae_dithmenos_the_darkroom,
          portal_sewer_entry_b, chequers_serial_rivers_small_3, uniq_grinder
D:4:      layout_basic, minmay_temple_entry_drinking_statues, serial_shops,
          nicolae_diamond_shop, kennysheep_potato

Skill      XL: |  1  2 |
---------------+-------+-----
Ice Magic      | 4 |  4.2
Stealth        | 2 |  2.0
Short Blades   | |  0.4
Dodging        | |  1.9
Spellcasting   | |  2.4

Action                   || total
-------------------------++-------
Melee: Unarmed           ||     6
       Short sword       ||    42
       Dagger            ||    13
 Cast: Freeze            ||    43
       Sandblast         ||     1
       Magic Dart        ||     2
       Ozocubu's Armour  ||     2
  Use: Scroll            ||     1
       Potion            ||     1
 Stab: Sleeping          ||     5
Armor: Robe              ||     1
       Leather armour    ||    18
Dodge: Dodged            ||    68
